 Dungeon Crawl Stone Soup version 0.30.1-11-g7821555f0a (webtiles) character file.

Game seed: 12389517516118687470

11888 Scypho the Severer (level 11, -1/94 HPs)
             Began as a Minotaur Fighter on Dec 2, 2023.
             Was a Believer of Makhleb.
             Succumbed to poison (dark miasma)
             ... on level 1 of the Lair of Beasts.
             The game lasted 00:30:39 (8471 turns).

Scypho the Severer (Minotaur Fighter)               Turns: 8471, Time: 00:30:40

Health: -1/94      AC: 16    Str: 21    XL:     11   Next: 55%
Magic:  13/13      EV: 13    Int:  7    God:    Makhleb [**....]
Gold:   645        SH:  6    Dex: 12    Spells: 10/10 levels left

rFire   + . .        a - +3 hand axe (freeze)
rCold   . . .        c - +0 buckler
rNeg    . . .        o - +3 ring mail {rF+}
rPois   .            (helmet restricted)
rElec   .            (no cloak)
rCorr   .            h - +2 pair of gloves
SInv    .            w - +2 pair of boots {rampage}
Will    .....        l - amulet of regeneration
Stlth   +            (no ring)
HPRegen 1.15/turn    (no ring)
MPRegen 0.13/turn

%: rampage
@: lethally poisoned (-1 -> -24), invisible
A: horns 2, retaliatory headbutt
a: Renounce Religion, Minor Destruction


You were on level 1 of the Lair of Beasts.
You worshipped Makhleb.
Makhleb was pleased with you.
You visited 3 branches of the dungeon, and saw 12 of its levels.
You also visited: Ossuary.

You collected 645 gold pieces.

Inventory:

Hand Weapons
 a - a +3 hand axe of freezing (weapon)
Missiles
 E - a throwing net (quivered)
Armour
 c - a +0 buckler (worn)
 h - a +2 pair of gloves (worn)
 o - a +3 ring mail of fire resistance (worn)
 w - a +2 pair of boots of rampaging (worn)
Jewellery
 l - an amulet of regeneration (around neck)
 C - a ring of protection from fire
Wands
 d - a wand of digging (9)
 m - a wand of mindburst (5)
 u - a wand of charming (8)
 B - a wand of polymorph (15)
Scrolls
 b - a scroll of blinking
 j - 4 scrolls of enchant armour
 n - a scroll of immolation
 p - a scroll of fog
 t - 4 scrolls of fear
 A - 2 scrolls of teleportation
 D - a scroll of vulnerability {unknown}
 F - a scroll of silence
Potions
 e - 4 potions of lignification
 f - 5 potions of curing
 g - a potion of mutation
 i - a potion of might
 k - a potion of berserk rage
 v - 2 potions of haste
 x - 2 potions of attraction
 z - 4 potions of heal wounds


   Skills:
 + Level 8.1 Fighting
 - Level 16.0 Axes
 + Level 8.1 Armour
 + Level 6.4 Dodging
 + Level 8.1 Shields
 - Level 4.0 Invocations


You had 10 spell levels left.
You didn't know any spells.
Your spell library contained the following spells:

 Spells                   Type           Power      Damage    Failure   Level
 Necrotise                Necr           0%         1d4       63%         1
 Lesser Beckoning         Tloc           0%         N/A       77%         2
 Gell's Gravitas          Tloc           0%         N/A       94%         3
 Ignite Poison            Fire/Tmut/Pois 0%         N/A       94%         3
 Teleport Other           Tloc           0%         N/A       94%         3
 Vampiric Draining        Necr           0%         2d6       94%         3
 Vhi's Electric Charge    Tloc/Air       0%         N/A       94%         3
 Sticky Flame             Conj/Fire      0%         2d3       100%        4
 Agony                    Necr           0%         N/A       100%        5
 Arcjolt                  Conj/Air       0%         1d10      100%        5
 Summon Forest            Summ/Tloc      0%         N/A       100%        5
 Eringya's Noxious Bog    Tmut/Pois      0%         N/A       100%        6
 Plasma Beam              Fire/Air       0%         2x1d11    100%        6
 Starburst                Conj/Fire      0%         6d3       100%        6
 Summon Hydra             Summ           0%         N/A       100%        7
 Ignition                 Fire           0%         3d3       100%        8


Dungeon Overview and Level Annotations

Branches:
Dungeon (10/15)            Temple (1/1) D:6            Lair (1/5) D:9
Ossuary (visited)
    Orc: D:9-12

Altars:
Ashenzari
Cheibriados
Dithmenos
Elyvilon
Fedhas
Gozag
Hepliaklqana
Kikubaaqudgha
Makhleb
Nemelex Xobeh
Okawaru
Qazlal
Ru
Sif Muna
Trog
Uskayaw
Vehumet
Wu Jian
Xom
Yredelemnul
Zin
The Shining One

Shops:
D:3 *

Annotations:
D:3 1 runed translucent door, Crazy Yiuf
Lair:1 1 transporter


Innate Abilities, Weirdness & Mutations

You have a pair of horns on your head.
You reflexively headbutt those who attack you in melee.


Message History

The swamp worm fires a harpoon shot at you.
The harpoon shot misses you.
The swamp worm fires a harpoon shot at you.
The harpoon shot hits you.
* * * LOW HITPOINT WARNING * * *
You collide with the briar patch!
The briar patch is destroyed!
* * * LOW HITPOINT WARNING * * *
The swamp worm fires a harpoon shot at you.
The harpoon shot misses you.
There is a net trap here.
You see here a throwing net.
You struggle against the net.
The swamp worm fires a harpoon shot at you.
The harpoon shot misses you.
The swamp worm fires a harpoon shot at you.
The harpoon shot misses you.
You struggle against the net.
You struggle against the net.
The swamp worm fires a harpoon shot past the briar patch. x2
You shred the net and break free!
The swamp worm fires a harpoon shot past the briar patch.
Really walk into that cloud of foul pestilence?
You are poisoned.
* * * LOW HITPOINT WARNING * * *
You feel very sick.
The swamp worm fires a harpoon shot at the briar patch.
The swamp worm fires a harpoon shot past the briar patch.
The swamp worm fires a harpoon shot at the briar patch.
You open the door.
You are lethally poisoned!
* * * LOW HITPOINT WARNING * * *
x2 You feel extremely sick.
The swamp worm fires a harpoon shot past the briar patch.
The swamp worm fires a harpoon shot at you.
The harpoon shot hits you.
* * * LOW HITPOINT WARNING * * *
You collide with the briar patch!
The briar patch is destroyed!
You die...

...................
.................................
.................................
............ ....................
........ ### ####.......##.#.##P.
........##w#♣#w##.......#........
.......##≈≈≈≈#§≈####.............
.......#.PPPP§.P#$[#....#........
......©#©^^^^^^○@?©#©...+........
.......#.PPP☼PP.#$=#....#........
.......##§≈≈#≈≈≈####....#........
........#w#w#♣#w#.......#........
........#########.......#........
........................#........
........................#
............................
.............................


You could see 5 swamp worms.

Vanquished Creatures
  Harold (D:9)
  A boulder beetle (Lair:1)
  A tengu warrior (D:9)
  Pikel (D:5)
  A manticore (D:8)
  Joseph (D:9)
  A cane toad (Lair:1)
  2 komodo dragons
  A kobold demonologist (D:9)
  A tengu conjurer (D:9)
  2 hornets
  A troll (D:8)
  Sigmund (D:5)
  A shadow (D:9)
  8 yaks
  4 wyverns
  Eustachio (D:5)
  Edmund (D:5)
  Duvessa (D:7)
  2 water moccasins
  A swamp drake (D:9)
  4 orc warriors
  A sky beast (D:8)
  2 black bears
  2 ice beasts
  An ogre (D:6)
  9 centaurs
  A phantom (D:6)
  3 kobold brigands (D:8)
  2 scorpions (D:5)
  5 bullfrogs
  A gnoll sergeant (D:8)
  12 wights
  Dowan (D:7)
  A killer bee (D:8)
  2 howler monkeys
  4 hounds
  7 jellies
  4 orc priests
  2 sleepcaps
  Terence (D:3)
  11 orc wizards
  3 mummies (Ossuary)
  Robin (D:3)
  10 gnolls
  12 adders
  A shadow imp (D:8)
  2 white imps (D:8)
  A worm (D:2)
  A dart slug (D:7)
  30 orcs
  6 bats
  11 endoplasms
  3 giant cockroaches (D:1)
  18 goblins
  9 hobgoblins
  3 jackals (D:1)
  9 kobolds
  5 quokkas
  8 ball pythons
  3 frilled lizards
  2 goblin zombies (Ossuary)
  2 hobgoblin zombies (Ossuary)
  2 kobold zombies (Ossuary)
  2 orc zombies (Ossuary)
  3 rats
257 creatures vanquished.

Vanquished Creatures (others)
  A basilisk (D:9)
1 creature vanquished.

Grand Total: 258 creatures vanquished

Notes
Turn   | Place    | Note
-------+----------+-------------------------------------------
     0 | D:1      | Scypho the Minotaur Fighter began the quest for the Orb.
     0 | D:1      | Reached XP level 1. HP: 19/19 MP: 0/0
    32 | D:1      | Reached skill level 3 in Axes
    35 | D:1      | Reached XP level 2. HP: 6/26 MP: 1/1
   200 | D:1      | Reached skill level 4 in Axes
   315 | D:1      | Reached XP level 3. HP: 30/31 MP: 2/2
   634 | D:2      | Reached skill level 5 in Axes
   690 | D:2      | Reached XP level 4. HP: 24/39 MP: 3/3
   980 | D:3      | Noticed Robin
   986 | D:3      | Killed Robin
  1090 | D:3      | Reached skill level 6 in Axes
  1095 | D:3      | Reached XP level 5. HP: 34/45 MP: 4/4
  1286 | D:3      | Noticed Terence
  1289 | D:3      | Found Cofoypn's Assorted Antiques.
  1298 | D:3      | Killed Terence
  1418 | D:3      | Found a runed translucent door.
  1419 | D:3      | Noticed Crazy Yiuf
  1751 | D:4      | Reached skill level 7 in Axes
  1903 | D:4      | Reached XP level 6. HP: 51/51 MP: 5/5
  1915 | D:4      | Reached skill level 8 in Axes
  1947 | D:4      | Got the Verses on Singed Changing
  2093 | D:4      | Identified the +11 trident "Lackunol" {freeze, rPois rC+
                  | Str+3 Dex+2}
  2201 | D:5      | Entered Level 5 of the Dungeon
  2218 | D:5      | Noticed Edmund
  2242 | D:5      | Killed Edmund
  2243 | D:5      | Reached skill level 9 in Axes
  2264 | D:5      | Noticed Pikel
  2279 | D:5      | Killed Pikel
  2280 | D:5      | Reached skill level 11 in Axes
  2280 | D:5      | Reached XP level 7. HP: 26/57 MP: 6/6
  2393 | D:5      | Reached XP level 8. HP: 64/64 MP: 7/7
  2517 | D:5      | Noticed Sigmund
  2527 | D:5      | Killed Sigmund
  2528 | D:5      | Reached skill level 12 in Axes
  2629 | D:5      | Found a sand-covered staircase.
  2646 | Ossuary  | Entered an ossuary
  2875 | D:5      | Noticed Eustachio
  2897 | D:5      | Killed Eustachio
  2898 | D:5      | Reached skill level 13 in Axes
  3370 | D:6      | Reached skill level 14 in Axes
  3370 | D:6      | Reached XP level 9. HP: 25/70 MP: 8/8
  3503 | D:6      | Found a staircase to the Ecumenical Temple.
  3510 | Temple   | Entered the Ecumenical Temple
  4249 | D:7      | Reached skill level 15 in Axes
  4350 | D:7      | Noticed Duvessa
  4350 | D:7      | Noticed Dowan
  4363 | D:7      | Killed Dowan
  4365 | D:7      | Killed Duvessa
  4375 | D:7      | Identified the +6 sling of Foul Odours {antimagic, Fly}
  4491 | D:7      | Reached skill level 16 in Axes
  4508 | D:7      | Reached skill level 1 in Dodging
  4534 | D:7      | Found a broken altar of Ashenzari.
  4535 | D:7      | Found a burning altar of Makhleb.
  4536 | D:7      | Found a radiant altar of Vehumet.
  4536 | D:7      | Found an iron altar of Okawaru.
  4542 | D:7      | Became a worshipper of Makhleb the Destroyer
  4605 | D:7      | Found a snail-covered altar of Cheibriados.
  5170 | D:8      | Reached XP level 10. HP: 76/80 MP: 9/9
  5178 | D:8      | Reached * piety under Makhleb
  5185 | D:8      | Identified the +7 falchion of Slow Death {speed, Will+}
  5533 | D:8      | Reached skill level 5 in Fighting
  5533 | D:8      | Reached skill level 5 in Armour
  5533 | D:8      | Reached skill level 5 in Shields
  5540 | D:8      | Noticed a manticore
  5573 | D:8      | Killed a manticore
  5652 | D:8      | Identified the +1 leather armour of Gravitas {Dex+3}
  6384 | D:9      | Noticed a sun demon
  6399 | D:9      | Noticed Joseph
  6421 | D:9      | Killed Joseph
  6421 | D:9      | Reached ** piety under Makhleb
  6422 | D:9      | Reached skill level 5 in Dodging
  6535 | D:9      | Reached skill level 1 in Invocations
  6582 | D:9      | Noticed Harold
  6598 | D:9      | Killed Harold
  6599 | D:9      | Reached XP level 11. HP: 80/91 MP: 9/12
  6699 | D:9      | Noticed a tengu warrior
  6708 | D:9      | Killed a tengu warrior
  7287 | D:9      | Found a staircase to the Lair.
  7372 | D:10     | Entered Level 10 of the Dungeon
  7386 | D:10     | Found a bloodstained altar of Trog.
  7471 | D:10     | Identified the +1 leather armour "Kozek" {rF+ rCorr SInv
                  | Stlth+}
  8034 | D:10     | Identified the +12 dagger of Mourning {venom, rCorr Str+2
                  | Int+3}
  8228 | Lair:1   | Entered Level 1 of the Lair of Beasts
  8293 | Lair:1   | Noticed a boulder beetle
  8331 | Lair:1   | Killed a boulder beetle
  8412 | Lair:1   | Found a transporter.
  8438 | Lair:1   | Found a transporter.
  8471 | Lair:1   | Succumbed to poison (dark miasma)

Illustrated notes

Levels and vault maps discovered:
D:1:      dpeg_arrival_arbitrary_c, layout_rooms
D:2:      layout_rooms, hangedman_decor_opposing
D:3:      layout_basic, serial_shops, nicolae_shop_tiny_statue_garden,
          minmay_increasing_density, uniq_terence, uniq_robin,
          uniq_crazy_yiuf_cottage
D:4:      layout_rooms
D:5:      layout_basic, enter_ossuary_1, uniq_eustachio, uniq_pikel,
          uniq_edmund, uniq_sigmund
D:6:      layout_cave_pods, temple_fountains
D:7:      dreamdust_elfheim, layout_loops_cross, mainiacjoe_overflow_alcove_3,
          kennysheep_slug_shrine
D:8:      nzn_winding_woodlands_medium [nzn_winding_woodlands_5x5_cross,
          nzn_winding_woodlands_5x15_default, nzn_winding_woodlands_hourglass,
          nzn_winding_woodlands_5x5_perimeter,
          nzn_winding_woodlands_center_garden,
          nzn_winding_woodlands_5x5_checkerboard,
          nzn_winding_woodlands_5x5_default, nzn_winding_woodlands_5x15_pool,
          nzn_winding_woodlands_5x5_three], layout_basic
D:9:      layout_irregular_city, erik_lair_dragon, minmay_misc_feat_plants,
          uniq_joseph, uniq_harold
D:10:     layout_irregular_city, lightli_temple_of_fire
Temple:   kb_temple_of_zot
Lair:1:   gammafunk_worm_tunnel, layout_regular_city, basic_altar

Skill      XL: |  1  2  3  4  5  6  7  8  9 10 11 |
---------------+----------------------------------+-----
Axes           | 3 4 5 6 7 11 14 16 | 16.0
Dodging        | 2 5 6 |  6.4
Fighting       | 4 6 8 |  8.1
Armour         | 4 6 8 |  8.1
Shields        | 4 6 8 |  8.1
Invocations    | 2 4 |  4.0

Action                     |  1- 3 |  4- 6 |  7- 9 | 10-12 || total
---------------------------+-------+-------+-------+-------++-------
  Melee: War axe           |    84 |   135 |   111 |       ||   330
         Headbutt          |     9 |    15 |    60 |    75 ||   159
         Hand axe          |       |       |   175 |   330 ||   505
 Invoke: Minor Destruction |       |       |       |     8 ||     8
    Use: Scroll            |       |     5 |     8 |     3 ||    16
         Potion            |       |     4 |     1 |     5 ||    10
   Stab: Confused          |       |       |       |     1 ||     1
 Armour: Scale mail        |    51 |    21 |       |       ||    72
         Ring mail         |       |    29 |    97 |    65 ||   191
         Skin              |       |       |       |    24 ||    24
  Dodge: Dodged            |    40 |    51 |    89 |    92 ||   272
  Block: Buckler           |    27 |    21 |    50 |    49 ||   147
